 Dungeon Crawl Stone Soup version 0.29-a0-1023-g6ae1a4a2c7 (webtiles) character file.

Game seed: 16132717886573437014

63 BritishOli the Trooper (level 3, 0/29 HPs)
             Began as a Demonspawn Fighter on Aug 11, 2022.
             Slain by Natasha (7 damage)
             ... on level 3 of the Dungeon.
             The game lasted 00:01:39 (2331 turns).

BritishOli the Trooper (Demonspawn Fighter)         Turns: 2331, Time: 00:01:39

Health: 0/29       AC:  6    Str: 18    XL:     3   Next: 89%
Magic:  3/3        EV:  9    Int:  9    God:
Gold:   129        SH:  4    Dex: 12    Spells: 2/2 levels left

rFire   . . .      SeeInvis .   a - +0 long sword
rCold   . . .      Faith    .   c - +0 buckler
rNeg    + . .      Spirit   .   b - +0 scale mail
rPois   .          Reflect  .   (no helmet)
rElec   .          Harm     .   (no cloak)
rCorr   .          Rampage  .   (no gloves)
Will    .....                   (no boots)
Stlth   ..........              (no amulet)
HPRegen 0.09/turn               g - ring of positive energy
MPRegen 0.08/turn               (no ring)

@: no status effects
A: ignite blood 1
a: no special abilities


You were on level 3 of the Dungeon.
You visited 1 branch of the dungeon, and saw 3 of its levels.

You collected 129 gold pieces.

Inventory:

Hand Weapons
 a - a +0 long sword (weapon)
Armour
 b - a +0 scale mail (worn)
 c - a +0 buckler (worn)
Jewellery
 g - a ring of positive energy (left hand)
Wands
 l - a wand of acid (9)
Scrolls
 h - 2 scrolls of torment {unknown}
 j - a scroll of noise {unknown}
 m - a scroll of blinking {unknown}
 o - a scroll of immolation {unknown}
Potions
 d - a potion of might
 e - a potion of cancellation {unknown}
 f - a potion of magic {unknown}
 i - 2 potions of heal wounds {unknown}
 k - a potion of degeneration {unknown}
 n - a potion of curing {unknown}
 p - a potion of attraction {unknown}


   Skills:
 + Level 3.5 Fighting
 + Level 2.4 Long Blades
 + Level 3.2 Armour
 + Level 3.2 Shields


You had 2 spell levels left.
You didn't know any spells.
Your spell library contained the following spells:

 Spells                   Type           Power      Damage    Failure   Level
 Sublimation of Blood     Necr           0%         N/A       94%         2
 Wereblood                Tmut           0%         N/A       94%         2
 Summon Hydra             Summ           0%         N/A       100%        7


Dungeon Overview and Level Annotations

Branches:
Dungeon (3/15)

Altars:
Sif Muna

Annotations:
D:3 Natasha


Innate Abilities, Weirdness & Mutations

Your demonic aura sometimes causes spilled blood to erupt in flames.


Message History

The goblin hits you with a +0 club.
The frilled lizard bites you but does no damage.
The goblin closely misses you. The frilled lizard barely misses you.
You see here a +0 flail.
You barely miss the frilled lizard. The goblin hits you with a +0 club.
The frilled lizard bites you but does no damage.
You barely miss the frilled lizard. The goblin barely misses you.
The frilled lizard closely misses you.
You closely miss the frilled lizard. You block the goblin's attack.
The frilled lizard barely misses you.
You slash the frilled lizard!
You kill the frilled lizard!
The goblin hits you but does no damage. The goblin closely misses you.
You see here a frilled lizard corpse.
You completely miss the goblin. The goblin hits you but does no damage.
You miss the goblin. The goblin hits you but does no damage.
You slash the goblin!
You kill the goblin!
Things that are here:
a +0 club; a +0 flail You start resting.
Natasha, Servant of Life and Death comes into view.
Natasha is nearby!
Natasha is nearby!
You are too injured to fight recklessly!
Natasha is nearby!
You are too injured to fight recklessly!
You are too injured to fight recklessly!
You are too injured to fight recklessly!
Natasha hisses angrily.
You slash Natasha!
Natasha is severely wounded.
Natasha claws you but does no damage.
Natasha stares at you and mumbles some strange words.
The magic dart hits you!
* * * LOW HITPOINT WARNING * * *
You hit Natasha.
Natasha is almost dead.
Natasha claws you!
You die...

.....>..# . ....?...#
. ........# .#
........##.###
........#..#.. #†...#
.# #†)####.#
###.)###.. #.@...##.#
#h###.##.# ... #....#
........##..# ####
.....####.##..##....#
..... #...^.<....#
..#. ####........#
.b.. ....#........
#..........#.#


You could see Natasha and a bat.

Vanquished Creatures
  An adder (D:2)
  2 worms (D:2)
  2 dart slugs
  2 orcs
  6 ball pythons
  An endoplasm (D:2)
  3 giant cockroaches
  6 goblins
  2 hobgoblins
  2 quokkas (D:2)
  4 bats (D:2)
  4 frilled lizards
  5 kobolds (D:2)
  3 rats
43 creatures vanquished.

Notes
Turn   | Place    | Note
-------+----------+-------------------------------------------
     0 | D:1      | BritishOli the Demonspawn Fighter began the quest for the
                  | Orb.
     0 | D:1      | Reached XP level 1. HP: 18/18 MP: 1/1
   501 | D:1      | Gained mutation: Your demonic aura sometimes causes spilled
                  | blood to erupt in flames. [demonic ancestry]
   501 | D:1      | Reached XP level 2. HP: 24/24 MP: 2/2
   503 | D:1      | Found a faded altar of an unknown god.
  1082 | D:2      | Reached XP level 3. HP: 12/29 MP: 3/3
  1900 | D:2      | Found a shimmering blue altar of Sif Muna.
  2327 | D:3      | Noticed Natasha
  2331 | D:3      | Slain by Natasha

Illustrated notes

Levels and vault maps discovered:
D:1:      wander_arrival_chamber, layout_loops_cross,
          nicolae_ecumenical_lake_church, minmay_misc_feat_alley, minivault_5
D:2:      layout_loops_ring, basic_altar, minmay_small_reverse_x
D:3:      layout_rooms, minivault_11, minmay_joined_circles, uniq_sigmund,
          uniq_natasha

Skill      XL: |  1  2 |
---------------+-------+-----
Long Blades    | 2 |  2.4
Armour         | 3 |  3.2
Shields        | 3 |  3.2
Fighting       | |  3.5

Action                   || total
-------------------------++-------
Melee: Long sword        ||   134
Armor: Scale mail        ||    67
Dodge: Dodged            ||    60
Block: Buckler           ||    29

Table legend: (Time is in decaauts)
 A = Elapsed time spent in this place.
 B = Non-inter-level travel time spent in this place.
 C = Inter-level travel time spent in this place.
 D = Time resting spent in this place.
 E = Time spent auto-exploring this place.
 F = Levels seen in this place.
 G = Mean time per level.
                   A        B        C        D        E       F      G
               +--------+--------+--------+--------+--------+-----+--------+
         Total |   2374 |   2314 |     60 |    403 |   1616 |   3 |  791.3 |
       Dungeon |   2374 |   2314 |     60 |    403 |   1616 |   3 |  791.3 |
               +--------+--------+--------+--------+--------+-----+--------+

Top non-repeatable levels by time:
     D:2: 1325 daAuts
     D:1: 988 daAuts
     D:3: 61 daAuts
